 Dungeon Crawl Stone Soup version 0.30-a0-937-ga0a21ad780 (webtiles) character file.

Game seed: 18055956478898455483

12 Sobieck the Digger (level 2, -1/20 HPs)
             Began as a Ghoul Earth Elementalist on Mar 24, 2023.
             Slain by a hobgoblin (2 damage)
             ... on level 1 of the Dungeon.
             The game lasted 00:01:16 (389 turns).

Sobieck the Digger (Ghoul Earth Elementalist)        Turns: 389, Time: 00:01:16

Health: -1/20      AC:  2    Str: 11    XL:     2   Next: 33%
Magic:  0/4        EV: 12    Int: 10    God:
Gold:   11         SH:  0    Dex:  9    Spells: 4/5 levels left

rFire   . . .      SeeInvis .    (no weapon)
rCold   + . .      Faith    .    (no shield)
rNeg    + + +      Spirit   .    a - +0 robe
rPois   ∞          Reflect  .    (no helmet)
rElec   .          Rampage  .    (no cloak)
rCorr   .                        (no gloves)
Will    .....                    (no boots)
Stlth   ++                       (no amulet)
HPRegen 0.00/turn                (no ring)
MPRegen 0.09/turn                (no ring)

@: very slightly contaminated, inhibited regen
A: claws 1, cold resistance 1, negative energy resistance 3, inhibited
regeneration, torment resistance 2, devour on kill
a: no special abilities


You were on level 1 of the Dungeon.
You visited 1 branch of the dungeon, and saw 1 of its levels.

You collected 11 gold pieces.


Innate Abilities, Weirdness & Mutations

You are immune to poison.
You have sharp fingernails.
Your flesh is cold resistant. (rC+)
You are immune to negative energy. (rN+++)
You do not regenerate when monsters are visible.
You are immune to unholy pain and torment.
You thrive by killing the living.


   Skills:
 + Level 2.0 Dodging
 - Level 2.1 Stealth
 + Level 2.0 Spellcasting
 - Level 0.8 Transmutations
 * Level 3.7 Earth Magic


You had 4 spell levels left.
You knew the following spells:

 Your Spells              Type           Power      Damage    Failure   Level
a - Sandblast             Erth           16%        2d6       7%          1

Your spell library contained the following spells:

 Spells                   Type           Power      Damage    Failure   Level
 Passwall                 Tmut/Erth      4%         N/A       19%         2
 Stone Arrow              Conj/Erth      8%         3d7       41%         3
 Petrify                  Tmut/Erth      5%         N/A       77%         4

Inventory:

Hand Weapons
 c - a +0 whip {mace}
   (You took it off a kobold on level 1 of the Dungeon)
 h - a +0 club {mace}
   (You took it off a kobold on level 1 of the Dungeon)
Missiles
 d - 5 stones {throwing}
Armour
 a - a +0 robe (worn)
 e - a +0 robe
   (You found it on level 1 of the Dungeon)
Jewellery
 g - a ring of ice
   (You found it on level 1 of the Dungeon)
Potions
 b - a potion of magic
 f - a potion of cancellation {unknown}

Dungeon Overview and Level Annotations

Branches:
Dungeon (1/15) Zot: 5601

Altars:

### # ..###.#
#######....
.........# #.# #.#
#g# #@#
#.###############
#.......>.......##
###..#######.###.#
#..........###.#
#...######.....#
#...# ###......
#...# #.......#
#...# #.#......


You could see a hobgoblin.


Message History

You can't see any susceptible monsters within range! (Use Z to cast anyway.) Unknown command.
There is a large open door here.
There is a large open door here.
Found a stone staircase leading down.
Unknown command.
An endoplasm comes into view.
Danger!
The blast of sand hits the endoplasm!
You kill the endoplasm!
You have reached level 2!
You can't see any susceptible monsters within range! (Use Z to cast anyway.) Unknown command.
A giant cockroach comes into view.
Danger!
You can't see any susceptible monsters within range! (Use Z to cast anyway.)
The blast of sand hits the giant cockroach.
A giant cockroach is nearby!
The blast of sand hits the giant cockroach.
You kill the giant cockroach!
Your Dodging skill increases to level 2!
You now have 11 gold pieces.
A giant cockroach comes into view.
Danger!
The blast of sand hits the giant cockroach but does no damage.
The blast of sand misses the giant cockroach.
The giant cockroach closely misses you.
The blast of sand hits the giant cockroach.
The giant cockroach completely misses you.
Unknown command.
Really attack while wielding nothing?
You scratch the giant cockroach. The giant cockroach barely misses you.
The giant cockroach bites you but does no damage.
You scratch the giant cockroach but do no damage.
The giant cockroach misses you.
Your regeneration is inhibited by nearby monsters.
Your movement speed is average.
Your attack delay is about 1.0.
Your damage rating with unarmed combat is about 5 (Base [5 + 0 (UC)] x 102% (Str) x 100% (Fight)).
Unknown command.
You closely miss the giant cockroach. The giant cockroach misses you.
You scratch the giant cockroach. The giant cockroach misses you.
You barely miss the giant cockroach. The giant cockroach closely misses you.
You scratch the giant cockroach.
You kill the giant cockroach!
Unknown command.
Unknown command.
There is a stone staircase leading down here.
An endoplasm comes into view.
Danger!
The blast of sand hits the endoplasm.
The endoplasm quivers.
The blast of sand hits the endoplasm!
You kill the endoplasm!
Your Spellcasting skill increases to level 2!
e - a +0 robe
f - a ruby potion Unknown command.
g - a ring of ice Unknown command.
Found an escape hatch in the floor.
Unknown command.
A kobold comes into view. It is wielding a +0 club.
Danger!
The kobold shouts!
The blast of sand hits the kobold.
You kill the kobold!
There is an escape hatch in the floor here.
h - a +0 club {mace} A hobgoblin comes into view.
Danger!
The blast of sand hits the hobgoblin but does no damage.
The hobgoblin hits you.
The blast of sand misses the hobgoblin.
The hobgoblin closely misses you.
The blast of sand misses the hobgoblin.
The hobgoblin misses you. The hobgoblin barely misses you.
The blast of sand hits the hobgoblin.
The hobgoblin hits you.
Unknown command.
You scratch the hobgoblin but do no damage.
The hobgoblin barely misses you.
You scratch the hobgoblin but do no damage.
The hobgoblin closely misses you.
You closely miss the hobgoblin. The hobgoblin hits you.
* * * LOW HITPOINT WARNING * * *
You barely miss the hobgoblin. The hobgoblin hits you.
* * * LOW HITPOINT WARNING * * *
The hobgoblin attacks as you move away! The hobgoblin hits you.
* * * LOW HITPOINT WARNING * * *
Casting: Sandblast (safe; 7% risk of failure)
Confirm with . or Enter, or press ? or * to list all spells.
Aiming: Sandblast (safe; 7% risk of failure)
Press: ? - help, Shift-Dir - straight line, f/p - hobgoblin
Aim: a hobgoblin (almost dead, 81% to hit)
You miscast Sandblast.
You are very lightly contaminated with residual magic.
Nothing appears to happen.
The hobgoblin hits you.
* * * LOW HITPOINT WARNING * * *
You closely miss the hobgoblin.
The hobgoblin hits you but does no damage.
You barely miss the hobgoblin. The hobgoblin hits you.
You die...

Skill      XL: |  1  2 |
---------------+-------+-----
Dodging        | 2 |  2.0
Spellcasting   | 2 |  2.0
Stealth        | |  2.1
Transmutations | |  0.8
Earth Magic    | |  3.7

Action                     || total
---------------------------++-------
  Melee: Unarmed           ||    12
   Cast: Sandblast         ||    17
 Armour: Robe              ||     2
  Dodge: Dodged            ||    15

Levels and vault maps discovered:
D:1:      lightli_arrival_lavapool, layout_loops_ring,
          dreamdust_princess_corridor

Notes
Turn   | Place    | Note
-------+----------+-------------------------------------------
     0 | D:1      | Sobieck the Ghoul Earth Elementalist began the quest for
                  | the Orb.
     0 | D:1      | Reached XP level 1. HP: 14/14 MP: 2/2
   103 | D:1      | Reached XP level 2. HP: 20/20 MP: 1/3
   137 | D:1      | Reached skill level 2 in Dodging
   236 | D:1      | Reached skill level 2 in Spellcasting
   386 | D:1      | HP: 2/20 [hobgoblin (4)]
   389 | D:1      | Slain by a hobgoblin

Vanquished Creatures
  A dart slug (D:1)
  3 endoplasms (D:1)
  2 giant cockroaches (D:1)
  2 kobolds (D:1)
8 creatures vanquished.

Table legend:
 A = Non-vault XP
 B = Vault XP
 C = Vault XP percentage of total XP
 D = Non-vault monster count
 E = Vault monster count
 F = Vault count percentage of total count
                 A         B        C        D         E       F
            +---------+---------+-------+---------+---------+-------
      Total |      18 |       0 |   0.0 |       8 |       0 |   0.0
            +---------+---------+-------+---------+---------+-------
        D:1 |      18 |       0 |   0.0 |       8 |       0 |   0.0
            +---------+---------+-------+---------+---------+-------

Illustrated notes

Table legend:
 A = Kills in this place as a percentage of kills in the entire game.
 B = Kills by you in this place as a percentage of kills by you in the entire game.
 C = Kills by friends in this place as a percentage of kills by friends in the entire game.
 D = Other kills in this place as a percentage of other kills in the entire game.
 E = Experience gained in this place as a percentage of experience gained in the entire game.
 F = Experience gained in this place divided by the number of levels of this place that you have seen.
                   A       B       C       D       E      F
               +-------+-------+-------+-------+-------+----------------------
         Total | 100.0 | 100.0 |   N/A |   N/A | 100.0 |  18.0
       Dungeon | 100.0 | 100.0 |   N/A |   N/A | 100.0 |  18.0
               +-------+-------+-------+-------+-------+----------------------

Table legend: (Time is in decaauts)
 A = Elapsed time spent in this place.
 B = Non-inter-level travel time spent in this place.
 C = Inter-level travel time spent in this place.
 D = Time resting spent in this place.
 E = Time spent auto-exploring this place.
 F = Levels seen in this place.
 G = Mean time per level.
                   A        B        C        D        E       F      G
               +--------+--------+--------+--------+--------+-----+--------+
         Total |    397 |    397 |      0 |     16 |    300 |   1 |  397.0 |
       Dungeon |    397 |    397 |      0 |     16 |    300 |   1 |  397.0 |
               +--------+--------+--------+--------+--------+-----+--------+

Top non-repeatable levels by time:
     D:1: 397 daAuts
